 Dungeon Crawl Stone Soup version 0.30-a0-883-g5ad918d77d (webtiles) character file.

Game seed: 16778014521194481683

14635 bobarctor the Thaumaturge (level 11, -2/80 (81) HPs)
             Began as a Demonspawn Necromancer on Mar 16, 2023.
             Was a Priest of Kikubaaqudgha.
             Slain by a red devil
             ... wielding a +0 trident
             ... summoned by a kobold demonologist
              (12 damage)
             ... on level 12 of the Dungeon.
             The game lasted 00:50:29 (12088 turns).

bobarctor the Thaumaturge (Demonspawn Necromancer) Turns: 12088, Time: 00:50:29

HP:   -2/80 (81)    AC: 10    Str:  8    XL:     11   Next: 91%
MP:   13/25         EV: 15    Int: 20    God:    Kikubaaqudgha [***...]
Gold: 750           SH:  0    Dex: 17    Spells: 5/31 levels left

rFire   . . .      SeeInvis +    p - +4 falchion of Anuonwawn {flame, rElec rPois Dex+2}
rCold   . . .      Faith    .    (no shield)
rNeg    . . .      Spirit   .    j - +2 robe {Will+}
rPois   +          Reflect  .    (helmet restricted)
rElec   +          Rampage  .    o - +1 cloak
rCorr   .                        (no gloves)
Will    +....                    L - +1 pair of boots
Stlth   +++                      h - amulet of regeneration
HPRegen 1.13/turn                m - ring of flight
MPRegen 0.19/turn                v - ring of see invisible

@: spiked, flying, lightly drained
A: horns 2, powered by pain 3, sharp scales 2
a: Renounce Religion, Unearth Wretches


You were on level 12 of the Dungeon.
You worshipped Kikubaaqudgha.
Kikubaaqudgha was most pleased with you.
You visited 2 branches of the dungeon, and saw 13 of its levels.
You also visited: Sewer.

You collected 750 gold pieces.

Inventory:

Hand Weapons
 p - the +4 falchion of Anuonwawn (weapon) {flame, rElec rPois Dex+2}
   (You found it on level 2 of the Dungeon)

   Dex:       It affects your dexterity (+2).
   rElec:     It insulates you from electricity.
   rPois:     It protects you from poison.
 x - a +3 dagger of venom
 y - a +0 dagger of venom
 D - a +1 hand axe of freezing
 M - a +3 trident
 R - a +0 quarterstaff of freezing
 T - a +0 arbalest of electrocution
 Y - a +1 trident of venom
Missiles
 f - 20 boomerangs (quivered)
 k - 3 curare-tipped darts
 n - 11 datura-tipped darts
 E - 46 poisoned darts
 I - 4 javelins
Armour
 a - a +0 robe
 j - a +2 robe of willpower (worn)
 o - a +1 cloak (worn)
 L - a +1 pair of boots (worn)
 S - a +2 robe of cold resistance
Magical Staves
 B - a staff of fire
 U - a staff of earth
Jewellery
 d - a ring of resist corrosion
 h - an amulet of regeneration (around neck)
 m - a ring of flight (left hand)
 v - a ring of see invisible (right hand)
 Q - a ring of ice
Wands
 u - a wand of roots (18)
 F - a wand of light (5)
 H - a wand of flame (47)
 P - a wand of paralysis (4)
 W - a wand of mindburst (4)
Scrolls
 g - 5 scrolls of identify
 l - 6 scrolls of teleportation
 t - a scroll of blinking
 z - 4 scrolls of poison
 N - a scroll of fog
 O - a scroll of magic mapping
 V - a scroll of torment {unknown}
Potions
 b - 5 potions of magic
 c - 5 potions of might
 e - 3 potions of resistance {unknown}
 i - 2 potions of berserk rage {unknown}
 q - 2 potions of brilliance {unknown}
 r - 6 potions of curing
 s - 3 potions of mutation {unknown}
 w - 2 potions of attraction {unknown}
 A - a potion of lignification {unknown}
 C - 7 potions of haste
 G - 2 potions of cancellation {unknown}
 J - 2 potions of heal wounds {unknown}
 K - a potion of flight {unknown}
 X - a potion of invisibility {unknown}


   Skills:
 + Level 5.7 Fighting
 + Level 8.6 Long Blades
 + Level 5.5 Dodging
 + Level 4.9 Stealth
 * Level 10.9 Spellcasting
 - Level 4.0 Summonings
 + Level 9.0 Necromancy


You had 5 spell levels left.
You knew the following spells:

 Your Spells              Type           Power      Damage    Failure   Level
a - Necrotise             Necr           100%       1d9       1%          1
b - Vampiric Draining     Necr           47%        2d9       1%          3
c - Agony                 Necr           47%        N/A       4%          5
d - Call Canine Familiar  Summ           26%        N/A       3%          3
e - Sublimation of Blood  Necr           47%        N/A       1%          2
f - Animate Dead          Necr           47%        N/A       1%          4
g - Cigotuvi's Dreadful   Necr/Pois/Air  46%        N/A       2%          2
h - Summon Small Mammal   Summ           100%       N/A       1%          1
i - Apportation           Tloc           20%        N/A       6%          1
j - Dispel Undead         Necr           47%        3d18      1%          4

Your spell library contained the following spells:

 Spells                   Type           Power      Damage    Failure   Level
 Anguish                  Hex/Necr       14%        N/A       10%         4
 Portal Projectile        Hex/Tloc       20%        N/A       19%         3
 Stone Arrow              Conj/Erth      20%        3d8       19%         3
 Borgnjor's Vile Clutch   Necr/Erth      14%        N/A       26%         5
 Animate Armour           Summ/Erth      36%        N/A       28%         4
 Leda's Liquefaction      Hex/Erth       5%         N/A       54%         4
 Simulacrum               Ice/Necr       14%        N/A       83%         6
 Lehudib's Crystal Spear  Conj/Erth      5%         10d3      100%        8


Dungeon Overview and Level Annotations

Branches:
Dungeon (12/15)            Temple (1/1) D:7            Lair (0/5) D:9
    Orc (0/2) D:10          Sewer (visited)

Altars:
Ashenzari
Cheibriados
Dithmenos
Fedhas
Gozag
Hepliaklqana
Kikubaaqudgha
Makhleb
Nemelex Xobeh
Okawaru
Qazlal
Ru
Sif Muna
Trog
Uskayaw
Vehumet
Wu Jian
Xom
Yredelemnul

Shops:
D:5 (   D:12 =((*

Annotations:
D:9 3 runed translucent doors, NinjaNoafa's ghost, novice FeSu


Innate Abilities, Weirdness & Mutations

You have a pair of horns on your head.
You are powered by pain.
You are mostly covered in razor-sharp scales. (AC +2, Slay +2)


Message History

Press: ? - help, Shift-Dir - straight line, f - komodo dragon
Aim: a komodo dragon (lightly wounded)
You draw life force from the komodo dragon!
You feel life coursing into your body.
The komodo dragon completely misses you.
Unknown command.
Casting: Vampiric Draining (safe; 1% risk of failure)
Confirm with . or Enter, or press ? or * to list all spells.
Aiming: Vampiric Draining (safe; 1% risk of failure)
Press: ? - help, Shift-Dir - straight line, f/p - komodo dragon
Aim: a komodo dragon (moderately wounded)
You draw life force from the komodo dragon!
You feel life coursing into your body.
The red devil hits you from afar with a +0 trident!
Barbed spikes become lodged in your body.
The komodo dragon bites you!!
* * * LOW HITPOINT WARNING * * *
Casting: Vampiric Draining (safe; 1% risk of failure)
Confirm with . or Enter, or press ? or * to list all spells.
Aiming: Vampiric Draining (safe; 1% risk of failure)
Press: ? - help, Shift-Dir - straight line, f/p - komodo dragon
Aim: a komodo dragon (severely wounded)
You draw life force from the komodo dragon!
You feel life coursing into your body!
The red devil hits you from afar with a +0 trident!
* * * LOW HITPOINT WARNING * * *
Barbed spikes become lodged in your body.
The komodo dragon bites you but does no damage.
Casting: Vampiric Draining (safe; 1% risk of failure)
Confirm with . or Enter, or press ? or * to list all spells.
Aiming: Vampiric Draining (safe; 1% risk of failure)
Press: ? - help, Shift-Dir - straight line, f/p - komodo dragon
Aim: a komodo dragon (almost dead)
You draw life force from the komodo dragon.
You kill the komodo dragon!
Kikubaaqudgha accepts your kill.
You feel life coursing into your body.
The red devil hits you from afar with a +0 trident!
You die...
Kikubaaqudgha rasps: "You have failed me!
Welcome... death!"

#(.........#
#..........#
#?.........#
#..........#
#.....5....#
#....K55...#
######4##### #†#
##### #@## ....# #..#
....# #######'###
....# #...∩.....#
#)..# #.........#
.)).# #####.........+
∩)#.###...'.........#
....'...###.........#
#...##### #.........#


You could see a kobold demonologist, a red devil (summoned), 2 shadow imps and
an ufetubus (summoned).

Vanquished Creatures
  Fannar (D:10)
  Erolcha (D:10)
  4 two-headed ogres
  2 cyclopes
  Joseph (D:8)
  A gargoyle (D:12)
  Psyche (D:10)
  2 kobold demonologists
  A komodo dragon (D:12)
  2 trolls (D:10)
  2 hornets
  8 yaks
  2 shadows
  3 wraiths
  Grum (D:10)
  Menkaure (D:4)
  3 vampire mosquitoes
  2 acid dragons (D:8)
  A water moccasin (D:7)
  A sky beast (D:8)
  7 orc warriors
  An ice beast (D:5)
  A black bear (D:5)
  A swamp drake (D:10)
  4 wolves (D:10)
  A phantom (D:7)
  2 centaurs
  8 kobold brigands
  6 bullfrogs
  A scorpion (D:6)
  9 wights
  17 killer bees
  10 howler monkeys
  5 hounds
  5 orc priests
  Crazy Yiuf (D:3)
  5 jellies
  3 iguanas
  A sleepcap (D:5)
  Natasha (thrice) (D:2)
  7 orc wizards
  7 adders
  4 gnolls (D:4)
  4 river rats
  An ufetubus (D:6)
  7 worms
  A dart slug (D:3)
  33 orcs
  8 ball pythons
  12 endoplasms
  7 giant cockroaches
  6 goblins
  6 hobgoblins
  6 jackals (D:1)
  29 kobolds
  A quokka (D:1)
  7 bats
  5 frilled lizards
  7 rats
289 creatures vanquished.

Vanquished Creatures (collateral kills)
  A wight (D:8)
  A hobgoblin (D:4)
  A jackal (D:1)
  2 kobolds (D:8)
5 creatures vanquished.

Vanquished Creatures (others)
  8 fungi
8 creatures vanquished.

Grand Total: 302 creatures vanquished

Notes
Turn   | Place    | Note
-------+----------+-------------------------------------------
     0 | D:1      | bobarctor the Demonspawn Necromancer began the quest for
                  | the Orb.
     0 | D:1      | Reached XP level 1. HP: 13/13 MP: 3/3
   173 | D:1      | Gained mutation: You are partially covered in razor-sharp
                  | scales. (AC +1, Slay +1) [demonic ancestry]
   173 | D:1      | Reached XP level 2. HP: 19/19 MP: 0/5
   667 | D:1      | Reached skill level 5 in Necromancy
  1475 | D:2      | Identified the +4 falchion of Anuonwawn {flame, rElec rPois
                  | Dex+2}
  1508 | D:2      | Gained mutation: You are mostly covered in razor-sharp
                  | scales. (AC +2, Slay +2) [demonic ancestry]
  1508 | D:2      | Reached XP level 3. HP: 24/24 MP: 6/6
  1560 | D:2      | Found an ornate altar of the Wu Jian Council.
  1781 | D:2      | Noticed Natasha
  1786 | D:2      | Killed Natasha
  1787 | D:2      | Reached XP level 4. HP: 19/30 MP: 2/8
  1791 | D:2      | Learned a level 3 spell: Vampiric Draining
  2096 | D:2      | Noticed Natasha
  2105 | D:2      | Killed Natasha
  2106 | D:2      | Reached skill level 3 in Spellcasting
  2254 | D:2      | Noticed Natasha
  2262 | D:2      | Killed Natasha
  2491 | D:3      | Gained mutation: You have a pair of small horns on your
                  | head. [demonic ancestry]
  2491 | D:3      | Reached XP level 5. HP: 34/35 MP: 10/10
  2834 | D:3      | Found a snail-covered altar of Cheibriados.
  2957 | D:3      | Found a runed translucent door.
  2958 | D:3      | Noticed Crazy Yiuf
  3305 | D:3      | Found a hide-covered altar of Uskayaw.
  3452 | D:3      | Killed Crazy Yiuf
  3453 | D:3      | Reached skill level 1 in Long Blades
  3625 | D:4      | Reached skill level 4 in Spellcasting
  3625 | D:4      | Gained mutation: You have a pair of horns on your head.
                  | [demonic ancestry]
  3625 | D:4      | Reached XP level 6. HP: 40/42 MP: 6/12
  3786 | D:4      | Found an opulent altar of Gozag.
  3954 | D:4      | Found a sacrificial altar of Ru.
  3965 | D:4      | Learned a level 5 spell: Agony
  3969 | D:4      | Learned a level 3 spell: Call Canine Familiar
  4114 | D:4      | Noticed Menkaure
  4344 | D:5      | Entered Level 5 of the Dungeon
  4346 | D:5      | Noticed an ice beast
  4352 | D:5      | Killed an ice beast
  4353 | D:5      | Reached skill level 1 in Fighting
  4421 | D:5      | Found Juneshim's Weapon Shoppe.
  4506 | D:5      | Reached skill level 1 in Summonings
  4647 | D:5      | Gained mutation: You sometimes gain a little power by
                  | taking damage. [demonic ancestry]
  4647 | D:5      | Reached XP level 7. HP: 41/48 MP: 13/13
  4800 | D:5      | Found a burning altar of Makhleb.
  4802 | D:5      | Noticed a green death
  4805 | D:5      | Noticed an angel
  4969 | D:5      | Found a broken altar of Ashenzari.
  5083 | D:6      | Found a glowing drain.
  5087 | Sewer    | Entered a sewer
  5396 | Sewer    | Found a viscous altar of Jiyva.
  5604 | D:6      | Reached skill level 5 in Spellcasting
  5609 | D:6      | Reached XP level 8. HP: 37/54 MP: 7/15
  6020 | D:6      | Found an iron altar of Okawaru.
  6549 | D:4      | Killed Menkaure
  6684 | D:7      | Found a shimmering altar of Xom.
  6799 | D:7      | Reached skill level 6 in Spellcasting
  7023 | D:7      | Found a bloodstained altar of Trog.
  7080 | D:7      | Gained mutation: You sometimes gain power by taking damage.
                  | [demonic ancestry]
  7080 | D:7      | Reached XP level 9. HP: 60/62 MP: 18/18
  7198 | D:7      | Reached skill level 5 in Long Blades
  7198 | D:7      | Reached skill level 7 in Spellcasting
  7269 | D:7      | Found a staircase to the Ecumenical Temple.
  7299 | Temple   | Entered the Ecumenical Temple
  7313 | Temple   | Became a worshipper of Kikubaaqudgha
  7514 | D:8      | Noticed a two-headed ogre
  7528 | D:8      | Killed a two-headed ogre
  7637 | D:8      | Reached skill level 8 in Spellcasting
  7823 | D:7      | Reached XP level 10. HP: 59/70 MP: 22/22
  7883 | D:8      | Found a blossoming altar of Fedhas.
  7907 | D:8      | Noticed Joseph
  7922 | D:8      | Killed Joseph
  8060 | D:8      | Noticed a two-headed ogre
  8098 | D:8      | Killed a two-headed ogre
  8257 | D:8      | Reached skill level 9 in Spellcasting
  8288 | D:8      | Reached * piety under Kikubaaqudgha
  8288 | D:8      | Received a gift from Kikubaaqudgha
  8308 | D:8      | Learned a level 2 spell: Sublimation of Blood
  8313 | D:8      | Learned a level 4 spell: Animate Dead
  8316 | D:8      | Learned a level 2 spell: Cigotuvi's Dreadful Rot
  8525 | D:9      | Found a runed translucent gate.
  8526 | D:9      | Found a runed translucent gate.
  8526 | D:9      | Found a runed translucent gate.
  8773 | D:9      | Noticed a cyclops
  8786 | D:9      | Killed a cyclops
  8826 | D:9      | Found a stormy altar of Qazlal.
  8930 | D:9      | Noticed NinjaNoafa's ghost (novice FeSu)
  9063 | D:9      | Found a radiant altar of Vehumet.
  9301 | D:9      | Found a staircase to the Lair.
  9582 | D:10     | Entered Level 10 of the Dungeon
  9600 | D:10     | Noticed Psyche
  9626 | D:10     | Killed Psyche
  9706 | D:10     | Noticed Grum
  9725 | D:10     | Killed Grum
  9893 | D:10     | Gained mutation: You are powered by pain. [demonic
                  | ancestry]
  9893 | D:10     | Reached XP level 11. HP: 76/76 MP: 24/24
  9946 | D:10     | Noticed Erolcha
  9960 | D:10     | Killed Erolcha
  9997 | D:10     | Reached skill level 10 in Spellcasting
 10006 | D:10     | Reached ** piety under Kikubaaqudgha
 10010 | D:10     | Reached skill level 5 in Dodging
 10122 | D:10     | Found a shadowy altar of Dithmenos.
 10204 | D:10     | Noticed a two-headed ogre
 10216 | D:10     | Killed a two-headed ogre
 10217 | D:10     | Reached skill level 5 in Fighting
 10272 | D:10     | Noticed Fannar
 10327 | D:10     | Killed Fannar
 10905 | D:10     | Found a staircase to the Orcish Mines.
 11101 | D:11     | Noticed a two-headed ogre
 11110 | D:11     | Killed a two-headed ogre
 11416 | D:11     | Learned a level 1 spell: Summon Small Mammal
 11418 | D:11     | Learned a level 1 spell: Apportation
 11854 | D:12     | Found Vaotis's Weapon Boutique.
 11856 | D:12     | Found Haajosee's Jewellery Shoppe.
 11952 | D:12     | Reached *** piety under Kikubaaqudgha
 11952 | D:12     | Received a gift from Kikubaaqudgha
 11958 | D:12     | Learned a level 4 spell: Dispel Undead
 12043 | D:12     | Found Aptir's Weapon Shoppe.
 12062 | D:12     | Found Xeciwul's General Store.
 12088 | D:12     | Slain by a red devil

Illustrated notes

Levels and vault maps discovered:
D:1:      mushboom_english_gardens, layout_basic
D:2:      layout_basic, basic_altar, uniq_natasha
D:3:      layout_loops_corners, nicolae_uskayaw_suspiria,
          mainiacjoe_overflow_surrounded_room, minmay_misc_feat_doors,
          grunt_ministairs_2, minmay_misc_feat_roman, uniq_crazy_yiuf_cottage
D:4:      layout_rooms, nicolae_ru_awakened_eye, nicolae_overflow_crystal_walls,
          uniq_menkaure
D:5:      layout_rooms, grunt_temple_overflow_order_and_chaos_2,
          mainiacjoe_overflow_cross_hatched, serial_shops,
          nicolae_shop_bloodbath_and_beyond, amethyst_killhole, minivault_25
D:6:      layout_loops_ring, mainiacjoe_overflow_alcove_2, elyvilon_altar_3,
          gup_sewer_entry_bowl, minmay_fractal_squares_gapless_5
D:7:      layout_basic, lemuel_crystal_altar, amcnicky_altar_gilded,
          minmay_temple_entry_stoned_glass, hangedman_decor_slide_cut
D:8:      layout_cave_pools, fedhas_altar_fruit_tree, uniq_joseph
D:9:      layout_basic, fiery_altar_vehumet, grunt_qazlal_clouds,
          grunt_lair_entry_orc_guard_hut, gammafunk_ghost_spectres
D:10:     minmay_inner_zag, layout_basic, mainiacjoe_overflow_small_starburst,
          erik_orc_1, uniq_erolcha, uniq_psyche, uniq_grum, uniq_fannar
D:11:     layout_loops_ring
D:12:     layout_roguey, serial_shops, nicolae_shop_stone, shop,
          nicolae_shop_trees, nicolae_shop_waterfront,
          nicolae_shop_advertising_works [nicolae_subvault_shop_adworks]
Temple:   nicolae_temple_little_seven

Skill      XL: |  1  2  3  4  5  6  7  8  9 10 11 |
---------------+----------------------------------+-----
Necromancy     | 5 6 7 8 9 |  9.0
Dodging        | 2 3 4 5 |  5.5
Stealth        | 2 3 4 |  4.9
Spellcasting   | 3 4 5 6 8 9 10 | 10.9
Long Blades    | 1 2 3 4 6 8 |  8.6
Fighting       | 1 2 3 4 5 |  5.7
Summonings     | 1 2 3 4 |  4.0

Action                     |  1- 3 |  4- 6 |  7- 9 | 10-12 || total
---------------------------+-------+-------+-------+-------++-------
  Melee: Spear             |    16 |       |       |       ||    16
         Unarmed           |     6 |       |       |       ||     6
         Punch             |     1 |       |     2 |     5 ||     8
         Falchion          |    16 |    95 |   208 |   385 ||   704
         Headbutt          |       |    13 |    34 |    85 ||   132
  Throw: Boomerang         |       |       |     1 |     1 ||     2
   Cast: Necrotise         |    34 |     8 |    61 |    12 ||   115
         Vampiric Draining |       |     5 |    16 |    46 ||    67
         Call Canine Famil |       |       |     4 |     2 ||     6
         Cigotuvi's Dreadf |       |       |       |     1 ||     1
    Use: Scroll            |       |     9 |     5 |       ||    14
   Stab: Sleeping          |     2 |     8 |     3 |     7 ||    20
         Distracted        |       |       |       |     6 ||     6
 Armour: Robe              |     8 |    27 |    68 |   105 ||   208
  Dodge: Dodged            |    27 |    67 |   143 |   315 ||   552

Table legend: (Time is in decaauts)
 A = Elapsed time spent in this place.
 B = Non-inter-level travel time spent in this place.
 C = Inter-level travel time spent in this place.
 D = Time resting spent in this place.
 E = Time spent auto-exploring this place.
 F = Levels seen in this place.
 G = Mean time per level.
                   A        B        C        D        E       F      G
               +--------+--------+--------+--------+--------+-----+--------+
         Total |  12147 |  11614 |    533 |   2157 |   6715 |  14 |  867.6 |
       Dungeon |  11615 |  11089 |    526 |   1964 |   6617 |  12 |  967.9 |
        Temple |     31 |     24 |      7 |      0 |      0 |   1 |   31.0 |
         Sewer |    500 |    500 |      0 |    193 |     98 |   1 |  500.0 |
               +--------+--------+--------+--------+--------+-----+--------+

Top non-repeatable levels by time:
    D:10: 1491 daAuts
     D:1: 1393 daAuts
     D:3: 1273 daAuts
     D:2: 1107 daAuts
     D:9: 1056 daAuts
     D:6: 1000 daAuts
     D:7: 958 daAuts
     D:8: 895 daAuts
    D:11: 762 daAuts
     D:4: 721 daAuts
     D:5: 708 daAuts
   Sewer: 500 daAuts
    D:12: 246 daAuts
  Temple: 31 daAuts
